AoeStats
← HunterG

Arabia

509019627Analyzed
4v4 RM · 6d ago on Sep 25, 2026· 56m 59s· 8 players
Game mode
Random Map
Map size
Large (8 player)
Population
200
Speed
Normal
Resources
Standard
Victory
Conquest
Starting age
Dark Age
Ending age
Imperial Age
RankedLock teamsTeams togetherTeam positionsShared explorationLock speedFull tech treeHidden civsTurbo modeCheats
Victory
Defeat
🇲🇽 Ethiopians · Mexico
1014
+16
🇲🇽 Aztecs · Mexico
991
+17
🇲🇽 Franks · Mexico
980
+17
🇲🇽 Magyars · Mexico
927
+19
🇵🇪 Franks · Peru
1027
-18
🇩🇪 Magyars · Germany
1026
-18
🇺🇸 Danes · United States
1001
-17
🇦🇷 Britons · Argentina
975
-16
MapleMilk0_0
6:29 Loom
6:35 Loom
6:41 Loom
10:12 Feudal Age
10:14 Man-at-Arms
10:47 Double-Bit Axe
12:37 Arson
18:29 Fletching
23:28 Castle Age
21:47 Padded Archer Armor
27:24 Gold Mining
32:26 Elite Skirmisher
PezMaza
0:52 Loom
11:15 Feudal Age
12:57 Bloodlines
15:56 Scale Barding Armor
16:56 Town Watch
23:40 Castle Age
22:27 Fletching
22:38 Padded Archer Armor
23:35 Wheelbarrow
22:51 Double-Bit Axe
24:36 Bodkin Arrow
24:57 Leather Archer Armor
25:23 Chain Barding Armor
24:37 Elite Skirmisher
27:36 Husbandry
32:41 Town Patrol
33:42 Hand Cart
44:03 Imperial Age
42:58 Corvinian Army
47:17 Ballistics
46:54 Murder Holes
47:35 Treadmill Crane
50:07 Recurve Bow
51:00 Horse Collar
51:37 Bracer
xxxsoniicoxxx
10:42 Feudal Age
10:45 Loom
11:28 Town Watch
17:58 Man-at-Arms
18:24 Arson
25:26 Castle Age
24:28 Fletching
24:38 Padded Archer Armor
24:49 Scale Barding Armor
24:47 Scale Mail Armor
26:38 Pikeman
27:19 Squires
48:42 Double-Bit Axe
52:14 Fletching
Cucharita
11:10 Feudal Age
11:54 Loom
13:55 Double-Bit Axe
16:12 Castle Age
17:31 Bow Saw
21:00 Gold Mining
22:05 Wheelbarrow
25:47 Hand Cart
26:31 Ordonnance Companies
28:56 Fletching
33:42 Imperial Age
31:23 Bodkin Arrow
32:10 Padded Archer Armor
33:44 Leather Archer Armor
33:52 Ballistics
33:44 Masonry
33:40 Town Watch
34:21 Forging
33:46 Cranequins
33:48 Heavy Mounted Crossbowman
35:43 Chemistry
35:11 Husbandry
34:37 Cavalier
36:13 Gold Shaft Mining
36:16 Iron Casting
37:19 Masonry
37:17 Siege Engineers
36:54 Paladin
40:15 Town Patrol
42:01 Blast Furnace
43:20 Scale Barding Armor
56:25 Conscription
9miniUzzi
7:47 Loom
10:35 Feudal Age
23:26 Castle Age
21:44 Double-Bit Axe
23:10 Scale Barding Armor
26:27 Husbandry
28:31 Chain Barding Armor
30:40 Forging
32:54 Wheelbarrow
33:18 Iron Casting
33:17 Gold Mining
33:18 Stone Mining
34:46 Hand Cart
34:17 Town Watch
39:10 Fletching
39:32 Bow Saw
40:00 Gold Shaft Mining
42:32 Imperial Age
45:03 Plate Barding Armor
45:29 Blast Furnace
43:51 Cavalier
45:35 Town Patrol
46:21 Fervor
46:13 Devotion
46:52 Paladin
48:31 Padded Archer Armor
48:32 Scale Mail Armor
48:35 Squires
48:39 Chivalry
50:17 Caravan
Garra_Jaguar
0:26 Loom
10:00 Feudal Age
14:43 Double-Bit Axe
20:52 Castle Age
20:30 Scale Barding Armor
21:38 Husbandry
30:04 Wheelbarrow
35:03 Horse Collar
39:30 Imperial Age
38:05 Hand Cart
38:10 Corvinian Army
38:22 Heavy Plow
40:12 Recurve Bow
39:35 Elite Magyar Huszar
40:36 Conscription
40:14 Cavalier
41:16 Chain Barding Armor
44:51 Plate Barding Armor
51:30 Crop Rotation
Ozelote
10:36 Feudal Age
8:52 Loom
12:50 Wheelbarrow
12:03 Double-Bit Axe
20:11 Forging
20:02 Scale Mail Armor
20:04 Fletching
23:00 Castle Age
21:20 Horse Collar
23:52 Bodkin Arrow
24:41 Squires
24:26 Gambesons
26:03 Iron Casting
26:35 Heavy Plow
26:52 Chain Mail Armor
27:18 Stone Mining
28:54 Bow Saw
30:57 Crossbowman
32:34 Pikeman
33:41 Hand Cart
33:11 Town Watch
37:27 Padded Archer Armor
37:01 Elite Skirmisher
39:51 Leather Archer Armor
43:01 Arson
43:49 Eagle Warrior
44:44 Gold Mining
45:31 Stone Shaft Mining
45:40 Fervor
45:54 Ballistics
45:31 Murder Holes
48:46 Imperial Age
47:37 Treadmill Crane
49:21 Gold Shaft Mining
49:51 Conscription
51:07 Chemistry
50:30 Elite Eagle Warrior
52:02 Garland Wars
53:14 Atlatl
HunterG
7:39 Loom
10:48 Feudal Age
11:30 Double-Bit Axe
14:24 Horse Collar
18:06 Fletching
23:09 Wheelbarrow
25:45 Castle Age
23:52 Padded Archer Armor
26:50 Crossbowman
27:37 Thumb Ring
27:31 Bodkin Arrow
27:51 Leather Archer Armor
27:57 Bow Saw
27:49 Heavy Plow
27:41 Gold Mining
32:15 Hand Cart
33:13 Town Watch
41:48 Imperial Age
42:38 Arbalester
44:21 Chemistry
43:41 Ballistics
45:49 Ring Archer Armor
45:19 Bracer
45:55 Conscription
Connection lost

Rejoining the realm…

Still unreachable

The connection could not be restored.

Session expired

The server has moved on; the page needs a fresh start.